 Dungeon Crawl Stone Soup version 0.29.1-12-g30fa7ad0bf (webtiles) character file.

Game seed: 6905058134922800740

70 hawla the Chiller (level 4, -6/33 HPs)
             Began as a Meteoran Ice Elementalist on Jan 8, 2023.
             Killed by divine providence
             ... invoked by an orc priest
              (14 damage)
             ... on level 4 of the Dungeon.
             The game lasted 00:02:04 (451 turns).

hawla the Chiller (Meteoran Ice Elementalist)        Turns: 451, Time: 00:02:04

Health: -6/33      AC:  2    Str:  9    XL:     4   Next: 74%
Magic:  4/10       EV: 12    Int: 18    God:
Gold:   71         SH:  0    Dex: 15    Spells: 6/10 levels left

rFire   . . .      SeeInvis .   (no weapon)
rCold   . . .      Faith    .   (no shield)
rNeg    . . .      Spirit   .   a - +0 robe
rPois   .          Reflect  .   (no helmet)
rElec   .          Harm     .   (no cloak)
rCorr   .          Rampage  .   (no gloves)
Will    .....                   (no boots)
Stlth   +.........              (no amulet)
HPRegen 0.11/turn               (no ring)
MPRegen 0.12/turn               (no ring)

@: freezing walls, very slightly contaminated, glowing
A: sense surroundings 1, otherworldly, glowing, explore regen
a: no special abilities


You were on level 4 of the Dungeon.
You visited 1 branch of the dungeon, and saw 4 of its levels.

You collected 71 gold pieces.

Inventory:

Armour
 a - a +0 robe (worn)
Wands
 e - a wand of iceblast (8)
Scrolls
 c - a scroll of noise {unknown}
 d - a scroll of teleportation {unknown}
 f - a scroll of enchant armour {unknown}
 g - a scroll of enchant weapon {unknown}
 h - a scroll of brand weapon {unknown}
Potions
 b - a potion of magic


   Skills:
 + Level 0.1 Fighting
 + Level 2.6 Dodging
 - Level 1.4 Stealth
 + Level 3.9 Spellcasting
 + Level 5.4 Ice Magic


You had 6 spell levels left.
You knew the following spells:

 Your Spells              Type           Power      Damage    Failure   Level
a - Freeze                Ice            92%        1d10      1%          1
b - Frozen Ramparts       Ice            46%        1d7       4%          3

Your spell library contained the following spells:

 Spells                   Type           Power      Damage    Failure   Level
 Ozocubu's Armour         Ice            23%        N/A       4%          3
 Hailstorm                Conj/Ice       13%        3d5       43%         4


Dungeon Overview and Level Annotations

Branches:
Dungeon (4/15) Zot: 1948
 Temple: D:4-7

Altars:
Dithmenos

Shops:
D:2 [


Innate Abilities, Weirdness & Mutations

You passively map a small area around you.
You are easily found by Zot.
You glow in the dark.
You regain HP and MP as you explore.


Message History

You hit the ball python.
The ball python is severely wounded.
The ball python barely misses you. The ball python closely misses you.
The ball python attacks as you move away!
The ball python misses you.
The goblin shoots a sling bullet.
The sling bullet hits you.
An orc priest comes into view. It is wielding a +0 club.
The orc priest looks braver for a moment.
The ball python attacks as you move away!
The ball python bites you.
The orc priest casts a cantrip, but nothing happens.
The ball python bites you. The ball python closely misses you.
A goblin comes into view. It is wielding a +0 club.
Casting: Freeze (safe; 1% risk of failure)
Confirm with . or Enter, or press ? or * to list all spells.
Casting: Frozen Ramparts (dangerous; 4% risk of failure)
Press: ? - help, Dir - look around, f - activate You miscast Frozen Ramparts.
You are very lightly contaminated with residual magic.
Nothing appears to happen.
The goblin shouts!
The ball python misses you. The ball python grabs you.
The ball python constricts you.
Casting: Frozen Ramparts (dangerous; 4% risk of failure)
Confirm with . or Enter, or press ? or * to list all spells.
Casting: Frozen Ramparts (dangerous; 4% risk of failure)
Press: ? - help, Dir - look around, f - activate The walls around you are covered in ice.
The wall freezes the ball python.
You kill the ball python!
The wall freezes the goblin.
The wall freezes the ball python.
You kill the ball python!
The orc priest invokes the aid of Beogh against you.
Beogh smites you!
* * * LOW HITPOINT WARNING * * *
The wall freezes the goblin.
You kill the goblin!
The orc priest invokes the aid of Beogh against you.
Beogh smites you!
You die...

......#.###.#.....# ....
.####.....#.#.....##....
.# ###.....#...........
.#*** ####..............
... #.....)........ .##*
* ##............. # ,
#.#........... , *
#.#.##.)..#.## ,
#.#.##@##.# , #.#.##.#
#,, , #.# #.#.##g#* ,
.... #.#.##.# , , .....
,*,#.o$# , * ..... *
#...# , #..... ,#oo.# ,
..... * * #...# , .#.# ,
....#


You could see 2 orc priests, an orc and a goblin.

Vanquished Creatures
  Jessica (D:3)
  Natasha (D:3)
  A worm (D:3)
  An orc (D:3)
  An endoplasm (D:2)
  A giant cockroach (D:1)
  2 goblins (D:4)
  A hobgoblin (D:1)
  3 quokkas (D:2)
  3 ball pythons
  2 frilled lizards
  2 kobolds
  A rat (D:1)
20 creatures vanquished.

Notes
Turn   | Place    | Note
-------+----------+-------------------------------------------
     0 | D:1      | hawla the Meteoran Ice Elementalist began the quest for the
                  | Orb.
     0 | D:1      | Reached XP level 1. HP: 14/14 MP: 5/5
    40 | D:1      | Reached XP level 2. HP: 20/20 MP: 1/6
    85 | D:2      | Found Xigoih's Antique Armour Emporium.
   172 | D:3      | Found a shadowy altar of Dithmenos.
   203 | D:3      | Noticed Jessica
   206 | D:3      | Noticed Natasha
   209 | D:3      | Killed Jessica
   210 | D:3      | Reached skill level 5 in Ice Magic
   210 | D:3      | Reached XP level 3. HP: 13/26 MP: 3/9
   210 | D:3      | Reached XP level 4. HP: 16/33 MP: 3/10
   216 | D:3      | Killed Natasha
   385 | D:4      | Learned a level 3 spell: Frozen Ramparts
   451 | D:4      | Killed from afar by an orc priest

Illustrated notes

Levels and vault maps discovered:
D:1:      roderic_chinese_lattice_arrival, layout_rooms, hex_tiny
D:2:      kb_forest_paths, layout_basic, serial_shops,
          nicolae_shop_hallway_stairs, hellmonk_ecumenical_altar_heavens_door,
          uniq_sigmund
D:3:      layout_basic, nicolae_dithmenos_the_darkroom,
          chequers_serial_rivers_micro_c, uniq_jessica, uniq_ijyb, uniq_natasha
D:4:      layout_basic, temple_fountains, reono_crystal_passage, uniq_edmund

Skill      XL: |  1  2 |
---------------+-------+-----
Spellcasting   | 3 |  3.9
Ice Magic      | 5 |  5.4
Fighting       | |  0.1
Dodging        | |  2.6
Stealth        | |  1.4

Action                   |  1- 3 |  4- 6 || total
-------------------------+-------+-------++-------
Melee: Unarmed           |     5 |     2 ||     7
 Cast: Freeze            |    24 |    10 ||    34
       Frozen Ramparts   |       |     2 ||     2
  Use: Potion            |       |     1 ||     1
Armor: Robe              |     2 |     2 ||     4
Dodge: Dodged            |     7 |     9 ||    16
